TOP OF THE 1ST |
Plumstead Eagles batting - Pitching for Little Rock Lemmiwinks : RHP Bill Williams
|
Pitching: RHP Bill Williams
|
|
Batting: RHB Wayne Workman
|
0-0: Ball 1-0: Swinging Strike 1-1: Called Strike 1-2: Strikes out looking
|
Batting: LHB José Marín
|
0-0: Ball 1-0: Ground out 6-3 (Groundball, 6)
|
Batting: LHB Conan Bush
|
0-0: Ball 1-0: Ball 2-0: Called Strike 2-1: Ground out 4-3 (Groundball, 4D)
|
Top of the 1st over - 0 runs, 0 hits, 0 errors, 0 left on base; Plumstead 0 - Little Rock 0 |
BOTTOM OF THE 1ST |
Little Rock Lemmiwinks batting - Pitching for Plumstead Eagles : RHP Yuan Si-ma
|
Pitching: RHP Yuan Si-ma
|
|
Batting: LHB Cisco Salazar
|
0-0: Called Strike 0-1: Ball 1-1: Called Strike 1-2: Ball 2-2: Foul Ball, location: 2F 2-2: Foul Ball, location: 2F 2-2: Strikes out swinging
|
Batting: RHB José Rodríguez
|
0-0: Ball 1-0: Swinging Strike 1-1: Foul Ball, location: 2F 1-2: Foul Ball, location: 2F 1-2: Ground out 6-3 (Groundball, 56)
|
Batting: RHB Glen Madden
|
0-0: Ball 1-0: Foul Ball, location: 2F 1-1: Ball 2-1: Ground out 6-3 (Groundball, 56)
|
Bottom of the 1st over - 0 runs, 0 hits, 0 errors, 0 left on base; Plumstead 0 - Little Rock 0 |
TOP OF THE 2ND |
Plumstead Eagles batting - Pitching for Little Rock Lemmiwinks : RHP Bill Williams
|
Batting: LHB Dennis McConnell
|
0-0: Ball 1-0: Ball 2-0: Ball 3-0: Base on Balls
|
Batting: RHB José Gonzáles
|
0-0: Called Strike 0-1: Ball 1-1: Ball 2-1: DOUBLE (Groundball, 5L) Dennis McConnell to third Runner from 3rd tries for Home, SAFE, no throw
|
Batting: SHB Joaquín Gilera
|
0-0: Ball 1-0: Ground out 6-3 (Groundball, 6)
|
Batting: LHB Joe Rutherford
|
0-0: Foul Ball, location: 2F 0-1: Fly out, F1 (Line Drive, 13S)
|
Batting: RHB Jimmy Myers
|
0-0: Reached on error, E4 (Groundball, 4) José Gonzáles to third
|
Batting: LHB António Álvarez
|
0-0: Called Strike 0-1: Ground out 6-3 (Groundball, 6)
|
Top of the 2nd over - 1 run, 1 hit, 1 error, 2 left on base; Plumstead 1 - Little Rock 0 |
BOTTOM OF THE 2ND |
Little Rock Lemmiwinks batting - Pitching for Plumstead Eagles : RHP Yuan Si-ma
|
Batting: RHB Roberto Valdéz
|
0-0: SINGLE (Groundball, 56D)
|
Batting: RHB Germán Vargas
|
0-0: Swinging Strike 0-1: Ball 1-1: Ball 2-1: Called Strike 2-2: Foul Ball, location: 2F 2-2: Ball 3-2: Grounds into double play, 5-4-3 (Groundball, 5)
|
Batting: RHB Ánibal Soto
|
0-0: Foul Ball, location: 2F 0-1: Called Strike 0-2: Ball 1-2: Ground out 5-3 (Groundball, 5)
|
Bottom of the 2nd over - 0 runs, 1 hit, 0 errors, 0 left on base; Plumstead 1 - Little Rock 0 |
TOP OF THE 3RD |
Plumstead Eagles batting - Pitching for Little Rock Lemmiwinks : RHP Bill Williams
|
Batting: RHB Wayne Workman
|
0-0: Swinging Strike 0-1: Foul Ball, location: 2F 0-2: Foul Ball, location: 2F 0-2: Strikes out looking
|
Batting: LHB José Marín
|
0-0: Fly out, F8 (Flyball, 8RM)
|
Batting: LHB Conan Bush
|
0-0: Called Strike 0-1: Ball 1-1: SINGLE (Groundball, 4MD)
|
Batting: LHB Dennis McConnell
|
0-0: Called Strike 0-1: Ball 1-1: SINGLE (Line Drive, 78S) Conan Bush to second
|
Batting: RHB José Gonzáles
|
0-0: Swinging Strike 0-1: Called Strike 0-2: Ball 1-2: Ball 2-2: Ball 3-2: Base on Balls Conan Bush to third Dennis McConnell to second
|
Batting: SHB Joaquín Gilera
|
0-0: Ball 1-0: Ball 2-0: Ball 3-0: Called Strike 3-1: Ground out 4-3 (Groundball, 4)
|
Top of the 3rd over - 0 runs, 2 hits, 0 errors, 3 left on base; Plumstead 1 - Little Rock 0 |
BOTTOM OF THE 3RD |
Little Rock Lemmiwinks batting - Pitching for Plumstead Eagles : RHP Yuan Si-ma
|
Batting: RHB Júlio Colón
|
0-0: Ground out 1-3 (Groundball, P)
|
Batting: LHB Manny Robles
|
0-0: Ball 1-0: Ground out 5-3 (Groundball, 56S)
|
Batting: RHB Norberto Gallardo
|
0-0: Ground out 6-3 (Groundball, 6)
|
Bottom of the 3rd over - 0 runs, 0 hits, 0 errors, 0 left on base; Plumstead 1 - Little Rock 0 |
TOP OF THE 4TH |
Plumstead Eagles batting - Pitching for Little Rock Lemmiwinks : RHP Bill Williams
|
Batting: LHB Joe Rutherford
|
0-0: Swinging Strike 0-1: Ground out 4-3 (Groundball, 4)
|
Batting: RHB Jimmy Myers
|
0-0: Ball 1-0: Ball 2-0: Ball 3-0: Base on Balls
|
Batting: LHB António Álvarez
|
0-0: Swinging Strike 0-1: Fielders Choice at 2nd, 4-6 (Groundball, 34)
|
Batting: RHB Wayne Workman
|
0-0: Called Strike 0-1: Foul Ball, location: 2F 0-2: Ball 1-2: Strikes out looking
|
Top of the 4th over - 0 runs, 0 hits, 0 errors, 1 left on base; Plumstead 1 - Little Rock 0 |
BOTTOM OF THE 4TH |
Little Rock Lemmiwinks batting - Pitching for Plumstead Eagles : RHP Yuan Si-ma
|
Batting: LHB Cisco Salazar
|
0-0: Called Strike 0-1: Fly out, F8 (Flyball, 8LS)
|
Batting: RHB José Rodríguez
|
0-0: Ball 1-0: Ball 2-0: Called Strike 2-1: SINGLE (Groundball, 4MD)
|
Batting: RHB Glen Madden
|
0-0: Ball 1-0: Ball 2-0: Ball Wild Pitch! José Rodríguez to second 3-0: Called Strike 3-1: Base on Balls
|
Batting: RHB Roberto Valdéz
|
0-0: Swinging Strike 0-1: Swinging Strike 0-2: Ball 1-2: Ball 2-2: Strikes out swinging
|
Batting: RHB Germán Vargas
|
0-0: Ball 1-0: Foul Ball, location: 2F 1-1: Swinging Strike 1-2: Strikes out swinging
|
Bottom of the 4th over - 0 runs, 1 hit, 0 errors, 2 left on base; Plumstead 1 - Little Rock 0 |
TOP OF THE 5TH |
Plumstead Eagles batting - Pitching for Little Rock Lemmiwinks : RHP Bill Williams
|
Batting: LHB José Marín
|
0-0: Called Strike 0-1: Ball 1-1: Called Strike 1-2: Strikes out swinging
|
Batting: LHB Conan Bush
|
0-0: Called Strike 0-1: Called Strike 0-2: Ball 1-2: Ball 2-2: SINGLE (Groundball, 34D)
|
Batting: LHB Dennis McConnell
|
0-0: Called Strike 0-1: Foul Ball, location: 2F 0-2: Strikes out swinging
|
Batting: RHB José Gonzáles
|
0-0: Called Strike 0-1: Foul Ball, location: 2F 0-2: Strikes out swinging
|
Top of the 5th over - 0 runs, 1 hit, 0 errors, 1 left on base; Plumstead 1 - Little Rock 0 |
BOTTOM OF THE 5TH |
Little Rock Lemmiwinks batting - Pitching for Plumstead Eagles : RHP Yuan Si-ma
|
Batting: RHB Ánibal Soto
|
0-0: Ball 1-0: Ball 2-0: Foul Ball, location: 2F 2-1: Swinging Strike 2-2: Ground out 4-3 (Groundball, 4)
|
Batting: RHB Júlio Colón
|
0-0: Ball 1-0: Fly out, F7 (Line Drive, 7)
|
Batting: LHB Manny Robles
|
0-0: Ball 1-0: Called Strike 1-1: Foul Ball, location: 2F 1-2: Foul Ball, location: 2F 1-2: Fly out, F8 (Flyball, 89D)
|
Bottom of the 5th over - 0 runs, 0 hits, 0 errors, 0 left on base; Plumstead 1 - Little Rock 0 |
TOP OF THE 6TH |
Plumstead Eagles batting - Pitching for Little Rock Lemmiwinks : RHP Bill Williams
|
Batting: SHB Joaquín Gilera
|
0-0: Called Strike 0-1: Called Strike 0-2: Ground out 4-3 (Groundball, 4)
|
Batting: LHB Joe Rutherford
|
0-0: Ball 1-0: Fly out, F7 (Flyball, 7S)
|
Batting: RHB Jimmy Myers
|
0-0: Ball 1-0: Foul Ball, location: 2F 1-1: Swinging Strike 1-2: Ball 2-2: Ball 3-2: Ground out 1-3 (Groundball, 13)
|
Top of the 6th over - 0 runs, 0 hits, 0 errors, 0 left on base; Plumstead 1 - Little Rock 0 |
BOTTOM OF THE 6TH |
Little Rock Lemmiwinks batting - Pitching for Plumstead Eagles : RHP Yuan Si-ma
|
Batting: RHB Norberto Gallardo
|
0-0: DOUBLE (Line Drive, 78D)
|
Batting: LHB Cisco Salazar
|
0-0: Ball 1-0: Foul Ball, location: 2F 1-1: Ball 2-1: Foul Ball, location: 2F 2-2: Ground out 5-3 (Groundball, 56)
|
Batting: RHB José Rodríguez
|
0-0: Ball 1-0: Ball 2-0: Ball 3-0: Base on Balls
|
Batting: RHB Glen Madden
|
0-0: Swinging Strike 0-1: Ball 1-1: Called Strike 1-2: Ball 2-2: Ball 3-2: Strikes out swinging
|
Batting: RHB Roberto Valdéz
|
0-0: Ball 1-0: SINGLE (Groundball, 56D) Norberto Gallardo to third José Rodríguez to second Runner from 3rd tries for Home, SAFE, throw made home
|
Batting: RHB Germán Vargas
|
0-0: Called Strike 0-1: Ball 1-1: Ball 2-1: Fly out, F9 (Flyball, 9LS)
|
Bottom of the 6th over - 1 run, 2 hits, 0 errors, 2 left on base; Plumstead 1 - Little Rock 1 |
TOP OF THE 7TH |
Plumstead Eagles batting - Pitching for Little Rock Lemmiwinks : RHP Bill Williams
|
Pinch Hitting: LHB Roberto Rodríguez
|
0-0: SINGLE (Groundball, 4D)
|
Batting: RHB Wayne Workman
|
0-0: Called Strike Roberto Rodríguez is caught stealing 2nd base 0-1: Foul Ball, location: 2F 0-2: Ball 1-2: SINGLE (Flyball, 78S)
|
Batting: LHB José Marín
|
0-0: Called Strike Wayne Workman steals 2nd base 0-1: Ball 1-1: Foul Ball, location: 2F 1-2: Ground out 5-3 (Groundball, 56S) Wayne Workman to third
|
Batting: LHB Conan Bush
|
0-0: Fly out, F9 (Flyball, 9S)
|
Top of the 7th over - 0 runs, 2 hits, 0 errors, 1 left on base; Plumstead 1 - Little Rock 1 |
BOTTOM OF THE 7TH |
Little Rock Lemmiwinks batting - Pitching for Plumstead Eagles : RHP Yuan Si-ma
|
Now in LF: Roberto Rodríguez
|
|
Batting: RHB Ánibal Soto
|
0-0: Called Strike 0-1: Called Strike 0-2: Ball 1-2: Strikes out swinging
|
Batting: RHB Júlio Colón
|
0-0: SINGLE (Line Drive, 6D)
|
Batting: LHB Manny Robles
|
0-0: Ball 1-0: Ball 2-0: Called Strike 2-1: Foul Ball, location: 2F 2-2: Ball Balk! Júlio Colón to second 3-2: Intentional Walk
|
Pinch Hitting: LHB Horace Kramer
|
0-0: Called Strike 0-1: Fielders Choice at 2nd, 1-6 (Groundball, 13) Júlio Colón to third
|
Batting: LHB Cisco Salazar
|
0-0: Called Strike 0-1: Fielders Choice at 2nd, 6-4 (Groundball, 6)
|
Bottom of the 7th over - 0 runs, 1 hit, 0 errors, 2 left on base; Plumstead 1 - Little Rock 1 |
TOP OF THE 8TH |
Plumstead Eagles batting - Pitching for Little Rock Lemmiwinks : RHP Bill Williams
|
Now in RF: Horace Kramer
|
|
Batting: LHB Dennis McConnell
|
0-0: Ball 1-0: Ball 2-0: Called Strike 2-1: Called Strike 2-2: Ground out 4-3 (Groundball, 4)
|
Batting: RHB José Gonzáles
|
0-0: Foul Ball, location: 2F 0-1: Swinging Strike 0-2: Ball 1-2: Ball 2-2: Strikes out looking
|
Batting: SHB Joaquín Gilera
|
0-0: Called Strike 0-1: Ball 1-1: Ball 2-1: Ground out 4-3 (Groundball, 4)
|
Top of the 8th over - 0 runs, 0 hits, 0 errors, 0 left on base; Plumstead 1 - Little Rock 1 |
BOTTOM OF THE 8TH |
Little Rock Lemmiwinks batting - Pitching for Plumstead Eagles : RHP Yuan Si-ma
|
Pitching: RHP Davis Morgan
|
|
Pinch Hitting: LHB Pablo Alvarado
|
0-0: Ball 1-0: Ground out 6-3 (Groundball, 6)
|
Pinch Hitting: RHB Álex Martínez
|
0-0: Called Strike 0-1: Ball 1-1: Foul Ball, location: 2F 1-2: Ball 2-2: Foul Ball, location: 2F 2-2: Strikes out swinging
|
Batting: RHB Roberto Valdéz
|
0-0: Called Strike 0-1: Swinging Strike 0-2: Ball 1-2: Strikes out looking
|
Bottom of the 8th over - 0 runs, 0 hits, 0 errors, 0 left on base; Plumstead 1 - Little Rock 1 |
TOP OF THE 9TH |
Plumstead Eagles batting - Pitching for Little Rock Lemmiwinks : RHP Bill Williams
|
Pitching: RHP José Antonio Peña
|
|
Now at 3B: Álex Martínez
|
|
Now at SS: Cláudio Delgado
|
|
Batting: LHB Joe Rutherford
|
0-0: Ball 1-0: Ball 2-0: Called Strike 2-1: Ball 3-1: Foul Ball, location: 2F 3-2: Base on Balls
|
Pinch Runner at 1st Kel Turner:
|
|
Batting: RHB Jimmy Myers
|
0-0: Called Strike 0-1: Ball 1-1: Ball 2-1: Ball 3-1: Called Strike 3-2: Foul Ball, location: 2F 3-2: Foul Ball, location: 2F 3-2: Base on Balls Kel Turner to second
|
Batting: LHB Roberto Rodríguez
|
0-0: Ball 1-0: Called Strike 1-1: Ball 2-1: SINGLE (Groundball, 34D) Kel Turner to third Jimmy Myers to second
|
Batting: RHB Wayne Workman
|
0-0: Called Strike 0-1: Swinging Strike 0-2: Ball 1-2: SINGLE (Flyball, 89S) Kel Turner scores Jimmy Myers to third Roberto Rodríguez to second
|
Batting: LHB José Marín
|
0-0: Ball 1-0: Ball 2-0: Foul Ball, location: 2F 2-1: Foul Ball, location: 2F 2-2: Ball 3-2: Strikes out looking
|
Batting: LHB Conan Bush
|
0-0: Ball 1-0: Ball 2-0: Ball 3-0: Called Strike 3-1: SINGLE (Groundball, 56D) Jimmy Myers scores Roberto Rodríguez to third Wayne Workman to second Runner from 3rd tries for Home, SAFE, no throw
|
Pitching: LHP Rubén López
|
|
Batting: LHB Dennis McConnell
|
0-0: Ball 1-0: Foul Ball, location: 2F 1-1: Ball 2-1: Ball 3-1: Base on Balls Wayne Workman to third Conan Bush to second
|
Batting: RHB José Gonzáles
|
0-0: Fly out, F8 (Flyball, 8LM) Runner from 3rd tags up, SCORES, no throw
|
Batting: SHB Joaquín Gilera
|
0-0: Ball 1-0: Foul Ball, location: 2F 1-1: Ball 2-1: Ground out 5-3 (Groundball, 56)
|
Top of the 9th over - 4 runs, 3 hits, 0 errors, 2 left on base; Plumstead 5 - Little Rock 1 |
BOTTOM OF THE 9TH |
Little Rock Lemmiwinks batting - Pitching for Plumstead Eagles : RHP Davis Morgan
|
Now at 3B: José Acuña
|
|
Batting: RHB Germán Vargas
|
0-0: Called Strike 0-1: Foul Ball, location: 2F 0-2: Strikes out swinging
|
Batting: RHB Ánibal Soto
|
0-0: Called Strike 0-1: Foul Ball, location: 2F 0-2: SOLO HOME RUN (Flyball, 9LD), Distance : 364 ft
|
Batting: RHB Júlio Colón
|
0-0: Ball 1-0: SINGLE (Groundball, 6MD)
|
Pitching: RHP Michael Knight
|
|
Batting: LHB Manny Robles
|
0-0: Called Strike 0-1: Ball 1-1: Called Strike 1-2: Foul Ball, location: 2F 1-2: Strikes out swinging
|
Batting: LHB Horace Kramer
|
0-0: Ball 1-0: Fly out, F4 (Popup, 4M)
|
Bottom of the 9th over - 1 run, 2 hits, 0 errors, 1 left on base; Plumstead 5 - Little Rock 2 |
|